 Dungeon Crawl Stone Soup version 0.25.1-2-g60ff931df9 (webtiles) character file.

Game seed: 7489982430935486114

312 Luthien the Conjurer (level 6, -5/34 HPs)
             Began as a Deep Elf Conjurer on Aug 17, 2020.
             Killed from afar by an orc wizard (7 damage)
             ... with a puff of flame
             ... on level 3 of the Dungeon.
             The game lasted 00:08:36 (3088 turns).

Luthien the Conjurer (Deep Elf Conjurer)            Turns: 3088, Time: 00:08:37

Health: -5/34      AC:  2    Str:  5    XL:     6   Next: 18%
Magic:  3/15       EV: 14    Int: 22    God:
Gold:   103        SH:  0    Dex: 15    Spells: 12/15 levels left

rFire    . . .     SeeInvis .   h - +0 club
rCold    . . .     Gourm    .   (no shield)
rNeg     . . .     Faith    .   a - +0 robe
rPois    .         Spirit   .   (no helmet)
rElec    .         Reflect  .   (no cloak)
rCorr    .         Harm     .   (no gloves)
MR       .....                  (no boots)
Stlth    ++++......             (no amulet)
HPRegen  0.11/turn              d - ring of stealth
MPRegen  0.14/turn              (no ring)

@: no status effects
A: no striking features
a: no special abilities


You were on level 3 of the Dungeon.
You were not hungry.

You visited 1 branch of the dungeon, and saw 3 of its levels.

You collected 103 gold pieces.

Inventory:

Hand Weapons
 h - a +0 club (weapon)
 j - a +0 mace
Missiles
 f - 20 arrows
 g - 16 bolts
 i - 38 stones (quivered)
 p - 21 sling bullets
 y - 5 boomerangs
Armour
 a - a +0 robe (worn)
 e - a +0 leather armour
 l - a +0 leather armour
 q - a +0 chain mail
 v - a +0 robe
Jewellery
 d - a ring of stealth (left hand)
 w - an uncursed ring of flight {unknown}
 x - a +4 ring of evasion {unknown}
Scrolls
 b - 3 scrolls of remove curse {unknown}
 m - a scroll of identify {unknown}
 o - a scroll of blinking {unknown}
 s - a scroll of enchant armour {unknown}
 t - a scroll of amnesia {unknown}
 u - a scroll of enchant weapon {unknown}
Potions
 k - a potion of might {unknown}
 n - 2 potions of heal wounds {unknown}
Comestibles
 c - 4 rations
 r - 5 chunks of flesh


   Skills:
 + Level 1.5 Fighting
 - Level 3.7 Dodging
 - Level 4.0 Stealth
 + Level 5.2 Spellcasting
 + Level 5.7 Conjurations


You had 12 spell levels left.
You knew the following spells:

 Your Spells              Type           Power        Failure   Level  Hunger
a - Magic Dart            Conj           ####         1%          1    None
b - Searing Ray           Conj           ####..       1%          2    None

Your spell library contained the following spells:

 Spells                   Type           Power        Failure   Level  Hunger
 Dazzling Flash           Conj/Hex       ###...       9%          3    ##.....
 Fulminant Prism          Conj/Hex       ###.......   30%         4    ####...
 Iskenderun's Mystic Bla  Conj/Tloc      ###.....     30%         4    ####...


Dungeon Overview and Level Annotations

Branches:
Dungeon (3/15)

Altars:
Ashenzari
Kikubaaqudgha

Annotations:
D:3 Terence


Message History

Unknown command.
You bump into the rock wall.
The orc wizard casts a spell at you. The magic dart hits you.
* * * LOW HITPOINT WARNING * * *
Some of the chunks of flesh in your inventory have rotted away.
You hit the orc wizard but do no damage.
The orc wizard closely misses you.
An orc priest comes into view. It is wielding a +0 flail.
You bump into the rock wall.
You feel less confused.
An orc priest comes into view. It is wielding a +0 war axe.
The orc wizard gestures at you while chanting.
The puff of flame hits you!
* * * LOW HITPOINT WARNING * * *
The orc priest looks satisfied for a moment.
An orc comes into view. It is wielding a +0 hand axe.
The orc wizard points at you and mumbles some strange words.
The puff of flame hits you!
You die...

.... ...# #..# #..
#..# ### ##.. #..#
#.. ... #..# #.# #..
#..# #.#######.. #.@#
#>.......^. #..# #.#
#..
#oo######.#######.. #
#..............##..
#.#..######..........
#..o......######.####
#.#.#####.# .......
.....$ #.##.####
#o...... # #.#...


You could see an orc priest, an orc wizard and an orc.

Vanquished Creatures
  An ogre (D:3)
  2 orc priests (D:3)
  A worker ant (D:3)
  7 gnolls
  3 adders
  2 worms (D:2)
  2 dart slugs
  5 orcs (D:3)
  7 bats
  A giant cockroach (D:2)
  2 goblins (D:3)
  6 hobgoblins
  3 jackals (D:2)
  A ball python (D:3)
  2 frilled lizards
  2 kobolds (D:1)
  3 rats
50 creatures vanquished.

Notes
Turn   | Place    | Note
-------+----------+-------------------------------------------
     0 | D:1      | Luthien the Deep Elf Conjurer began the quest for the Orb.
     0 | D:1      | Reached XP level 1. HP: 10/10 MP: 6/6
   566 | D:1      | Reached XP level 2. HP: 13/15 MP: 4/8
  1145 | D:2      | Found a faded altar of an unknown god.
  1202 | D:2      | Found a shattered altar of Ashenzari.
  1377 | D:2      | Found an ancient bone altar of Kikubaaqudgha.
  1403 | D:2      | Reached XP level 3. HP: 16/19 MP: 6/10
  2126 | D:2      | Learned a level 2 spell: Searing Ray
  2297 | D:2      | Reached XP level 4. HP: 24/24 MP: 4/12
  2634 | D:3      | Reached skill level 5 in Conjurations
  2717 | D:3      | Reached XP level 5. HP: 23/28 MP: 1/13
  2860 | D:3      | Noticed an ogre
  2867 | D:3      | Killed an ogre
  2867 | D:3      | Reached skill level 1 in Fighting
  2933 | D:3      | Noticed Terence
  3039 | D:3      | Reached skill level 5 in Spellcasting
  3042 | D:3      | Reached XP level 6. HP: 17/34 MP: 3/15
  3085 | D:3      | HP: 1/34 [orc wizard/puff of flame (7)]
  3088 | D:3      | Killed from afar by an orc wizard

Illustrated notes

Levels and vault maps discovered:
D:1:      shiori_arrival_elements, layout_basic, serial_bayou_pond_c,
          interstate_on_off
D:2:      layout_rooms, nicolae_ashenzari_panopticon, lemuel_doored_altar,
          chequers_ecumenical_altar_simple
D:3:      layout_basic, gup_sewer_entry_glass, uniq_terence

Skill      XL: |  1  2  3  4  5 |
---------------+----------------+-----
Stealth        | 3 4 |  4.0
Dodging        | 3 |  3.7
Spellcasting   | 4 5 |  5.2
Conjurations   | 5 |  5.7
Fighting       | 1 |  1.5

Action                   |  1- 3 |  4- 6 || total
-------------------------+-------+-------++-------
Melee: Club              |     4 |     1 ||     5
 Cast: Magic Dart        |    74 |     7 ||    81
       Searing Ray       |     3 |    16 ||    19
  Eat: Chunk             |     4 |     3 ||     7
Armor: Robe              |     3 |       ||     3
Dodge: Dodged            |    22 |    13 ||    35
